 Dungeon Crawl Stone Soup version 0.26-a0-542-gbaa144ba5c (console) character file.

Game seed: 13272622775342335102

10670 FIQ the Cleaver (level 11, -2/97 HPs)
             Began as a Hill Orc Fighter on Aug 18, 2020.
             Was an Elder of Beogh.
             Slain by Frances
             ... wielding a +0 trident
              (11 damage)
             ... on level 12 of the Dungeon.
             The game lasted 00:21:15 (13130 turns).

FIQ the Cleaver (Hill Orc Fighter)                 Turns: 13130, Time: 00:21:16

Health: -2/97      AC: 16    Str: 23    XL:     11   Next: 65%
Magic:  17/17      EV:  6    Int:  8    God:    Beogh [****..]
Gold:   600        SH: 13    Dex: 14    Spells: 10/10 levels left

rFire    . . .     SeeInvis +   a - +0 war axe (flame)
rCold    . . .     Faith    .   c - +1 kite shield
rNeg     . . .     Spirit   .   F - +0 plate armour
rPois    .         Reflect  .   (no helmet)
rElec    .         Harm     .   B - +0 cloak
rCorr    .                      z - +0 pair of gloves (curse)
MR       +....                  (no boots)
Stlth    ..........             r - amulet of the acrobat
HPRegen  0.26/turn              v - ring of see invisible
MPRegen  0.15/turn              A - ring of protection from magic

@: no status effects
A: hooves 1, thin skeletal structure 1, agile 1, wild magic 1
a: Smiting, Recall Orcish Followers, Renounce Religion


You were on level 12 of the Dungeon.
You worshipped Beogh.
Beogh was greatly pleased with you.
You visited 1 branch of the dungeon, and saw 12 of its levels.
You also visited: Sewer.

You collected 600 gold pieces.

Inventory:

Hand Weapons
 a - a +0 war axe of flaming (weapon)
 w - the +1 long sword of Analysis {protect, rC+ Int+2 SInv}
   (You found it on level 7 of the Dungeon)

   It grants its wielder temporary protection when it strikes (+7 to AC).
   It affects your intelligence (+2).
   It protects you from cold.
   It lets you see invisible.
Armour
 c - a +1 kite shield (worn)
 z - a cursed +0 pair of gloves (worn)
 B - a +0 cloak (worn)
 F - a +0 plate armour (worn)
Jewellery
 b - an uncursed amulet of magic regeneration
 p - an uncursed ring of positive energy
 r - an amulet of the acrobat (around neck)
 v - a ring of see invisible (left hand)
 A - a ring of protection from magic (right hand)
Wands
 h - a wand of flame (18)
 m - a wand of random effects (19)
 q - a wand of digging (5)
 u - a wand of acid (4)
 D - a wand of enslavement (11)
Scrolls
 e - 3 scrolls of amnesia
 g - 3 scrolls of teleportation
 j - a scroll of enchant weapon
 k - 2 scrolls of remove curse
 s - a scroll of enchant armour
 t - a scroll of magic mapping
 x - a scroll of holy word {unknown}
 y - 2 scrolls of fog
 C - a scroll of fear
Potions
 d - 2 potions of might
 f - 3 potions of haste
 i - a potion of magic
 l - 5 potions of curing
 n - a potion of brilliance
 o - a potion of berserk rage
 E - a potion of mutation
 G - 2 potions of flight
 H - a potion of ambrosia {unknown}


   Skills:
 + Level 9.6 Fighting
 * Level 13.5 Axes
 + Level 8.8 Armour
 + Level 8.9 Shields
 + Level 9.2 Invocations


You had 10 spell levels left.
You didn't know any spells.
Your spell library contained the following spells:

 Spells                   Type           Power        Failure   Level
 Apportation              Tloc           #.....       100%        1
 Beastly Appendage        Tmut           #.....       100%        1
 Corona                   Hex            #......      100%        1
 Sandblast                Erth           #.....       100%        1
 Summon Small Mammal      Summ           #...         100%        1
 Call Imp                 Summ           #.......     100%        2
 Passwall                 Tmut/Erth      #.......     100%        2
 Slow                     Hex            #.......     100%        2
 Wereblood                Tmut           #.......     100%        2
 Call Canine Familiar     Summ           #.......     100%        3
 Inner Flame              Hex/Fire       #.......     100%        3
 Lesser Beckoning         Tloc           #.........   100%        3
 Portal Projectile        Hex/Tloc       #.....       100%        3
 Spider Form              Tmut/Pois      #.........   100%        3
 Stone Arrow              Conj/Erth      #.....       100%        3
 Summon Guardian Golem    Hex/Summ       #.......     100%        3
 Tukima's Dance           Hex            #.......     100%        3
 Cause Fear               Hex            #.........   100%        4
 Ice Form                 Ice/Tmut       #.......     100%        4
 Leda's Liquefaction      Hex/Erth       #.........   100%        4
 Petrify                  Tmut/Erth      #.......     100%        4
 Summon Ice Beast         Ice/Summ       #.......     100%        4
 Summon Lightning Spire   Summ/Air       #.......     100%        4
 Alistair's Intoxication  Tmut/Pois      #........    100%        5
 Blade Hands              Tmut           #.........   100%        5
 Lee's Rapid Deconstruct  Erth           #.........   100%        5
 Invisibility             Hex            #.......     100%        6


Dungeon Overview and Level Annotations

Branches:
Dungeon (13/15)            Temple (0/1) D:4           Sewer (visited)
   Lair: D:8-11         Orc: D:9-12      Vaults: D:13-14

Altars:
Ashenzari
Fedhas
Kikubaaqudgha
Nemelex Xobeh
Qazlal
Sif Muna
Wu Jian
Yredelemnul

Shops:
D:9 *   D:13 :}

Portals:
Bazaar: D:13

Annotations:
D:12 Frances


Innate Abilities, Weirdness & Mutations

You have large cloven feet.
You have a somewhat thin skeletal structure. (Dex +2, Stealth)
You are agile. (Dex +2)
Your spells are a little harder to cast, but a little more powerful.


Message History

The orange demon poisons you! You block the orange demon's attack.
Berold hits Frances with a +0 mace!
You are too injured to fight recklessly!
You are too injured to fight recklessly!
You are too injured to fight recklessly!
You are too injured to fight recklessly!
You closely miss Frances. Your kick misses Frances.
Frances is lightly wounded.
You slash the orange demon! You burn the orange demon.
You hit the sun demon but do no damage.
You feel sick. You block Frances's attack. The sun demon hits you!
* * * LOW HITPOINT WARNING * * *
You are engulfed in flames!
* * * LOW HITPOINT WARNING * * *
You block the orange demon's attack.
The orange demon hits you but does no damage.
You feel better.
Berold is no longer moving slowly.
Frances hits you but does no damage. You block the sun demon's attack.
The orange demon stings you.
* * * LOW HITPOINT WARNING * * *
You block the orange demon's attack. Frances hits you with a +0 trident!
You die...

........ ........
...###.. ...#.# #... ..
...#.# #...# ... '###.#
#...#####... .....#
###...........
.....#....#.............
.....#....##............
.....#.....#....o3......
.....#..<..#..)†@@......
.....#.....#...()4......
.....#.....#..(.........
.....#.....#.(..........
######.....#''##########
...........(........
..........(.....####
................#
................#
.....######.....# ####.#
#.....#


You could see Frances (fast), a sun demon (summoned), an orange demon (summoned)
and the friendly Berold the orc knight (poisoned).

Vanquished Creatures
  A two-headed ogre (D:12)
  An unseen horror (D:10)
  An orc knight (D:10)
  An ugly thing (D:10)
  Maurice (D:12)
  2 centaur skeletons (D:12)
  5 trolls
  4 hippogriffs
  A slime creature (D:10)
  Prince Ribbit (D:7)
  Menkaure (D:7)
  A water moccasin (D:12)
  3 sky beasts
  5 ice beasts
  2 phantoms
  2 black bears
  A necrophage (D:9)
  5 ogres
  5 centaurs
  2 big kobolds
  8 bullfrogs
  A water moccasin skeleton (D:9)
  9 killer bees
  3 wights
  3 howler monkeys (D:8)
  2 electric eels (D:10)
  2 bullfrog zombies
  2 quasits
  3 centaur zombies
  4 jellies
  2 bullfrog skeletons
  6 orc priests
  2 hounds
  Jessica (D:3)
  3 iguanas
  Terence (D:3)
  7 orc wizards
  7 worker ants
  A hound zombie (D:5)
  2 hound skeletons
  A worker ant zombie (D:7)
  6 gnolls
  11 adders
  2 river rats (D:4)
  2 shadow imps
  2 white imps (D:6)
  An ufetubus (D:9)
  12 oozes
  An adder skeleton (D:5)
  An adder zombie (D:7)
  9 leopard geckos
  18 orcs
  14 ball pythons
  11 bats
  14 giant cockroaches
  3 goblins
  7 hobgoblins
  4 jackals
  5 quokkas
  19 frilled lizards
  24 kobolds
  A leopard gecko skeleton (D:7)
  12 rats
294 creatures vanquished.

Vanquished Creatures (collateral kills)
  A cyclops (D:10)
  An ugly thing (D:12)
  A hippogriff (D:8)
  A sky beast (D:12)
  A phantom (D:10)
  An ogre (D:9)
  A centaur (D:9)
  An electric eel (D:10)
  2 orc wizards
  An iguana (D:9)
  A worker ant (D:9)
  A gnoll (D:8)
  A shadow imp (D:8)
  5 orcs
19 creatures vanquished.

Vanquished Creatures (others)
  An ugly thing (D:13)
  2 orc warriors
  9 orcs
12 creatures vanquished.

Grand Total: 325 creatures vanquished

Notes
Turn   | Place    | Note
-------+----------+-------------------------------------------
     0 | D:1      | FIQ the Hill Orc Fighter began the quest for the Orb.
     0 | D:1      | Reached XP level 1. HP: 19/19 MP: 1/1
   281 | D:1      | Reached skill level 3 in Axes
   344 | D:1      | Reached XP level 2. HP: 27/27 MP: 2/2
   745 | D:1      | Gained mutation: You have large cloven feet. [potion of
                  | mutation]
   745 | D:1      | Gained mutation: Your spells are a little harder to cast,
                  | but a little more powerful. [potion of mutation]
   745 | D:1      | Gained mutation: You have a somewhat thin skeletal
                  | structure. (Dex +2, Stealth) [potion of mutation]
   745 | D:1      | Gained mutation: You are agile. (Dex +2) [potion of
                  | mutation]
   822 | D:2      | Reached XP level 3. HP: 27/33 MP: 3/3
  1048 | D:2      | Reached skill level 4 in Axes
  1100 | D:2      | Reached XP level 4. HP: 27/40 MP: 4/4
  1574 | D:3      | Noticed Jessica
  1585 | D:3      | Killed Jessica
  1730 | D:3      | Reached XP level 5. HP: 22/47 MP: 5/5
  1913 | D:3      | Noticed Terence
  1921 | D:3      | Killed Terence
  1921 | D:3      | Reached skill level 5 in Axes
  2554 | D:4      | Became a worshipper of Beogh the Brigand
  2704 | D:4      | Reached XP level 6. HP: 53/53 MP: 6/6
  2726 | D:4      | Found a glowing drain.
  2731 | Sewer    | Entered a sewer
  2813 | Sewer    | Reached skill level 1 in Invocations
  3008 | Sewer    | Reached * piety under Beogh
  3177 | Sewer    | Reached skill level 5 in Fighting
  3178 | Sewer    | Reached skill level 6 in Axes
  3431 | D:4      | Noticed a black bear
  3542 | D:3      | Killed a black bear
  3542 | D:3      | Reached XP level 7. HP: 37/61 MP: 8/8
  4073 | D:4      | Found an ornate altar of the Wu Jian Council.
  4224 | D:4      | Reached skill level 5 in Armour
  4226 | D:4      | Reached skill level 7 in Axes
  4226 | D:4      | Reached skill level 5 in Shields
  4582 | D:4      | Found a staircase to the Ecumenical Temple.
  4784 | D:5      | Entered Level 5 of the Dungeon
  4903 | D:5      | Reached XP level 8. HP: 57/70 MP: 10/10
  4905 | D:5      | Reached ** piety under Beogh
  5326 | D:5      | Reached skill level 8 in Axes
  6948 | D:7      | Noticed Menkaure
  6953 | D:7      | Killed Menkaure
  6953 | D:7      | Reached skill level 9 in Axes
  6953 | D:7      | Reached skill level 5 in Invocations
  6953 | D:7      | Reached XP level 9. HP: 41/78 MP: 12/12
  7768 | D:7      | Reached *** piety under Beogh
  8206 | D:7      | Found a sparkling altar of Nemelex Xobeh.
  8206 | D:7      | Found a stormy altar of Qazlal.
  8207 | D:7      | Found a shimmering blue altar of Sif Muna.
  8372 | D:8      | Reached skill level 10 in Axes
  8631 | D:8      | Noticed Prince Ribbit
  8673 | D:7      | Killed Prince Ribbit
  9328 | D:8      | Reached XP level 10. HP: 87/88 MP: 14/14
  9391 | D:8      | Found an ancient bone altar of Kikubaaqudgha.
  9721 | D:8      | Found a blossoming altar of Fedhas.
  9843 | D:9      | Reached skill level 11 in Axes
  9855 | D:9      | Found Qommeaf's General Store.
 10060 | D:9      | Found a shattered altar of Ashenzari.
 10158 | D:9      | Reached **** piety under Beogh
 10721 | D:9      | Found a basalt altar of Yredelemnul.
 10876 | D:7      | Got a slimy long sword
 10877 | D:7      | Identified the cursed +1 long sword of Analysis {protect,
                  | rC+ Int+2 SInv} (You found it on level 7 of the Dungeon)
 11112 | D:10     | Entered Level 10 of the Dungeon
 11316 | D:10     | Noticed a green ugly thing
 11324 | D:10     | Killed a green ugly thing
 11324 | D:10     | Reached skill level 12 in Axes
 11917 | D:10     | Noticed an orc knight
 11939 | D:10     | Killed an orc knight
 11939 | D:10     | Reached XP level 11. HP: 17/95 MP: 10/17
 12269 | D:10     | Noticed an unseen horror
 12269 | D:10     | Noticed a cyclops
 12274 | D:10     | Killed an unseen horror
 12277 | D:10     | Killed a cyclops
 12434 | D:10     | Noticed a harpy
 12438 | D:10     | You fall into a shaft and drop 3 floors!
 12440 | D:13     | Found a flickering gateway to a bazaar.
 12440 | D:13     | Noticed a green ugly thing
 12446 | D:13     | Killed a green ugly thing
 12573 | D:13     | Found Maekajo's Book Emporium.
 12629 | D:13     | Found Baawu Voni's Gadget Shoppe.
 12673 | D:13     | Noticed a vault guard
 12684 | D:13     | Noticed a vault guard
 12740 | D:12     | Noticed a purple ugly thing
 12743 | D:12     | Noticed a two-headed ogre
 12746 | D:12     | Reached skill level 13 in Axes
 12754 | D:12     | Killed a two-headed ogre
 12754 | D:12     | Killed a purple ugly thing
 13002 | D:12     | Noticed Maurice
 13018 | D:12     | Killed Maurice
 13074 | D:12     | Gained Berold as an ally
 13118 | D:12     | Noticed Frances
 13123 | D:12     | Noticed a sun demon
 13129 | D:12     | HP: 4/97 [sun demon[Frances] (17)]
 13130 | D:12     | Slain by Frances

Illustrated notes

Levels and vault maps discovered:
D:1:      minmay_arrival_nine_rooms, layout_loops_ring
D:2:      layout_rooms
D:3:      layout_rooms, uniq_jessica, uniq_terence
D:4:      layout_cave_pods, nicolae_overflow_crystal_walls, temple_hall,
          portal_sewer_entry_e
D:5:      layout_basic
D:6:      layout_basic
D:7:      layout_basic, gammafunk_temple_overflow_claw, uniq_menkaure
D:8:      layout_cave_pools, kiku_gazebo_garden_becter, fedhas_altar_fruit_tree,
          uniq_prince_ribbit1
D:9:      layout_loops_cross, serial_shops, shop, grunt_ministairs_12,
          hangedman_feature_mirror
D:10:     minmay_sliced_demisemicircle, layout_basic, lair_entry_dummy,
          orc_david_3, nrook_uturn
D:12:     layout_irregular_city, serial_shops, kennysheep_little_box,
          uniq_maurice, uniq_frances
D:13:     layout_basic, erik_vaults_2, serial_shops, freezing_bzr,
          nicolae_shop_behind_doors, shop_fountains, shop, shop

Skill      XL: |  1  2  3  4  5  6  7  8  9 10 11 |
---------------+----------------------------------+-----
Axes           | 3 4 5 6 7 9 10 12 13 | 13.5
Fighting       | 4 5 6 7 8 9 |  9.6
Armour         | 4 5 6 7 8 |  8.8
Shields        | 4 5 6 7 8 |  8.9
Invocations    | 2 3 5 6 8 9 |  9.2

Action                   |  1- 3 |  4- 6 |  7- 9 | 10-12 || total
-------------------------+-------+-------+-------+-------++-------
Melee: War axe           |    83 |   256 |   313 |   328 ||   980
       Kick              |     4 |    65 |   102 |   101 ||   272
Invok: Convert to Beogh  |       |     1 |       |       ||     1
       Smiting           |       |       |       |     6 ||     6
       Recall Orcish Fol |       |       |       |     1 ||     1
       Stop Recall       |       |       |       |     1 ||     1
  Use: Scroll            |     1 |     1 |    16 |     2 ||    20
       Potion            |     1 |       |     4 |     2 ||     7
 Stab: Distracted        |       |       |       |     2 ||     2
Armor: Scale mail        |    30 |   130 |    64 |       ||   224
       Chain mail        |       |       |    72 |    84 ||   156
       Plate armour      |       |       |       |    55 ||    55
Dodge: Dodged            |    22 |    76 |    96 |    96 ||   290
Block: Kite shield       |    46 |   155 |   200 |   207 ||   608

Table legend: (Time is in decaauts)
 A = Elapsed time spent in this place.
 B = Non-inter-level travel time spent in this place.
 C = Inter-level travel time spent in this place.
 D = Time resting spent in this place.
 E = Time spent auto-exploring this place.
 F = Levels seen in this place.
 G = Mean time per level.
                   A        B        C        D        E       F      G
               +--------+--------+--------+--------+--------+-----+--------+
         Total |  13368 |  12852 |    516 |      0 |  10671 |  13 | 1028.3 |
       Dungeon |  12753 |  12237 |    516 |      0 |  10319 |  12 | 1062.8 |
         Sewer |    615 |    615 |      0 |      0 |    352 |   1 |  615.0 |
               +--------+--------+--------+--------+--------+-----+--------+

Top non-repeatable levels by time:
     D:7: 2102 daAuts
     D:4: 1764 daAuts
    D:10: 1323 daAuts
     D:6: 1321 daAuts
     D:3: 1194 daAuts
     D:9: 1022 daAuts
     D:8: 965 daAuts
     D:1: 816 daAuts
     D:2: 807 daAuts
     D:5: 755 daAuts
   Sewer: 615 daAuts
    D:12: 437 daAuts
    D:13: 243 daAuts
